 Dungeon Sprint DCSS version 0.21.1-1-g345015f (webtiles) character file.

3964 Fang the Severer (level 10, -3/107 HPs)
             Began as a Minotaur Berserker on June 8, 2018.
             Was the Champion of Trog.
             Slain by an 11-headed hydra (7 damage)
             ... in the Dungeon (Sprint IX: "|||||||||||||||||||||||||||||").
             The game lasted 00:01:46 (815 turns).

Fang the Severer (Minotaur Berserker)                Turns: 815, Time: 00:01:47

Health: -3/107     AC:  2    Str: 24    XL:     10   Next: 2%
Magic:  9/9        EV: 19    Int:  7    God:    Trog [******]
Gold:   12         SH:  0    Dex: 11    Spells: 9/9 levels left

rFire    . . .     SeeInvis .   w - +6 battleaxe (drain)
rCold    . . .     Gourm    .   (shield currently unavailable)
rNeg     . . .     Faith    .   b - +0 animal skin
rPois    .         Spirit   .   (helmet restricted)
rElec    .         Reflect  .   (no cloak)
rCorr    .         Harm     .   (no gloves)
MR       .....     NoTele   +   (no boots)
Stlth    +.........             (no amulet)
HPRegen  0.27/turn              p - +3 ring of intelligence
MPRegen  0.11/turn              o - +2 ring of evasion

@: lethally poisoned (-3 -> -14), berserk cooldown, slowed, very slow
A: retaliatory headbutt, horns 2
a: Berserk, Trog's Hand, Brothers in Arms, Burn Spellbooks, Renounce Religion


You were in the Dungeon.
You worshipped Trog.
Trog was exalted by your worship.
You were very hungry.

You visited 1 branch You collected 12 gold pieces.

Inventory:

Hand Weapons
 a - a +0 hand axe
 n - a +3 war axe of chopping
 w - a +6 battleaxe of draining (weapon)
Armour
 b - a +0 animal skin (worn)
Jewellery
 o - a +2 ring of evasion (right hand)
 p - a +3 ring of intelligence (left hand)
Wands
 m - a wand of acid (10)
 q - a wand of scattershot (5)
Scrolls
 i - 3 scrolls of blinking
 l - 3 scrolls of remove curse
 r - 2 scrolls of enchant armour
 s - a scroll of identify
 t - a scroll of fog
 u - a scroll of fear
Potions
 d - 6 potions of curing
 e - 5 potions of heal wounds
 f - a potion of haste
 g - 4 potions of magic
 h - a potion of berserk rage
 j - 3 potions of might
 k - a potion of invisibility
Comestibles
 c - 2 rations
 v - 4 chunks of flesh


   Skills:
 + Level 15.7 Fighting
 + Level 17.1 Axes
 + Level 9.1 Armour
 + Level 10.6 Dodging
 + Level 0.8 Stealth


You had 9 spell levels left.
You didn't know any spells.

Dungeon Overview and Level Annotations

Branches:
Dungeon (1/1)

Altars:
Cheibriados
Dithmenos
Elyvilon
Fedhas
Gozag
Hepliaklqana
Kikubaaqudgha
Makhleb
Nemelex Xobeh
Okawaru
Qazlal
Ru
Sif Muna
Trog
Uskayaw
Vehumet
Wu Jian
Xom
Yredelemnul
Zin
The Shining One
Beogh
Jiyva
Lugonu


Innate Abilities, Weirdness & Mutations

You reflexively headbutt those who attack you in melee.
You have a pair of horns on your head.


Message History

The ten-headed hydra closely misses you.
You are too injured to fight recklessly!
Unknown command.
You are too injured to fight recklessly!
Unknown command.
You are too injured to fight recklessly!
You chop one of the ten-headed hydra's heads off!
The nine-headed hydra grows two more!
You slash the 11-headed hydra! You drain the 11-headed hydra!
Your headbutt misses the 11-headed hydra.
The 11-headed hydra is severely wounded.
You feel sick. The 11-headed hydra bites you!
* * * LOW HITPOINT WARNING * * *
The 11-headed hydra bites you!
* * * LOW HITPOINT WARNING * * *
The 11-headed hydra bites you.
* * * LOW HITPOINT WARNING * * *
The 11-headed hydra misses you. The 11-headed hydra barely misses you.
The 11-headed hydra bites you!
You die...

▓_▓.▓
▓_▓.▓.▓
▓_▓.▓.▓
▓_▓.▓.▓
▓_▓.▓.▓
▓_▓.▓t▓
▓_▓.▓F▓
▓_▓.▓D▓
▓_▓.▓@▓
▓_▓.▓)▓
▓_▓.▓.▓
▓_▓.▓.▓
▓_▓.▓.▓
▓_▓.▓.▓
▓_▓.▓.▓
▓_▓.▓.▓
▓_▓.▓.▓


You could see a 11-headed hydra, a crocodile and a bullfrog.

Vanquished Creatures
  A catoblepas (D)
  A black mamba (D)
  2 spiny frogs (D)
  A torpor snail (D)
  A blink frog (D)
  3 hippogriffs (D)
  A yak (D)
  A wyvern (D)
  3 water moccasins (D)
  2 porcupines (D)
  An orc warrior (D)
  An ogre (D)
  A phantom (D)
  A centaur (D)
  2 crocodiles (D)
  A bullfrog (D)
  A crimson imp (D)
  2 iguanas (D)
  A worker ant (D)
  3 orcs (D)
  2 bat skeletons (D)
  2 goblins (D)
  A hobgoblin (D)
  A bat (D)
  A rat (D)
37 creatures vanquished.

Notes
Turn   | Place    | Note
-------+----------+-------------------------------------------
     0 | D        | Fang the Minotaur Berserker began the quest for the Orb.
     0 | D        | Reached XP level 1. HP: 19/19 MP: 0/0
     4 | D        | Reached skill level 4 in Axes
     7 | D        | Reached ** piety under Trog
    27 | D        | Noticed a centaur
    27 | D        | Noticed an ogre
    30 | D        | Killed an ogre
    30 | D        | Reached skill level 7 in Axes
    30 | D        | Reached XP level 2. HP: 34/34 MP: 1/1
    30 | D        | Reached XP level 3. HP: 39/39 MP: 2/2
    30 | D        | Reached XP level 4. HP: 47/47 MP: 3/3
    33 | D        | Reached *** piety under Trog
    38 | D        | Killed a centaur
    38 | D        | Reached skill level 9 in Axes
    38 | D        | Reached XP level 5. HP: 56/56 MP: 4/4
    99 | D        | Found a roughly hewn altar of Beogh.
    99 | D        | Found a snail-covered altar of Cheibriados.
    99 | D        | Found a shadowy altar of Dithmenos.
    99 | D        | Found a white marble altar of Elyvilon.
    99 | D        | Found a blossoming altar of Fedhas.
    99 | D        | Found an opulent altar of Gozag.
   100 | D        | Found a hazy altar of Hepliaklqana.
   101 | D        | Found a viscous altar of Jiyva.
   102 | D        | Found an ancient bone altar of Kikubaaqudgha.
   103 | D        | Found a corrupted altar of Lugonu.
   104 | D        | Found a burning altar of Makhleb.
   105 | D        | Found a sparkling altar of Nemelex Xobeh.
   106 | D        | Found an iron altar of Okawaru.
   107 | D        | Found a stormy altar of Qazlal.
   108 | D        | Found a sacrificial altar of Ru.
   109 | D        | Found a deep blue altar of Sif Muna.
   110 | D        | Found a bloodstained altar of Trog.
   111 | D        | Found a hide-covered altar of Uskayaw.
   112 | D        | Found a radiant altar of Vehumet.
   113 | D        | Found an ornate altar of the Wu Jian Council.
   114 | D        | Found a shimmering altar of Xom.
   115 | D        | Found a basalt altar of Yredelemnul.
   116 | D        | Found a glowing silver altar of Zin.
   117 | D        | Found a glowing golden altar of the Shining One.
   145 | D        | Noticed an orc warrior
   145 | D        | Noticed a hippogriff
   146 | D        | Reached **** piety under Trog
   150 | D        | Killed a hippogriff
   150 | D        | Reached skill level 10 in Fighting
   150 | D        | Reached skill level 10 in Axes
   150 | D        | Reached skill level 5 in Armour
   150 | D        | Reached skill level 5 in Dodging
   150 | D        | Reached XP level 6. HP: 67/67 MP: 5/5
   152 | D        | Reached skill level 11 in Axes
   155 | D        | Killed an orc warrior
   158 | D        | Reached XP level 7. HP: 74/74 MP: 6/6
   205 | D        | Noticed a hippogriff
   205 | D        | Noticed a catoblepas
   205 | D        | Noticed a hippogriff
   209 | D        | Killed a hippogriff
   209 | D        | Reached ***** piety under Trog
   209 | D        | Reached skill level 12 in Axes
   215 | D        | Killed a catoblepas
   215 | D        | Reached skill level 14 in Axes
   215 | D        | Reached XP level 8. HP: 86/86 MP: 7/7
   218 | D        | Received a gift from Trog
   230 | D        | Killed a hippogriff
   635 | D        | Noticed a spiny frog
   639 | D        | Received a gift from Trog
   640 | D        | Noticed a torpor snail
   645 | D        | Reached skill level 15 in Axes
   646 | D        | Reached XP level 9. HP: 95/95 MP: 8/8
   649 | D        | Received a gift from Trog
   652 | D        | Killed a spiny frog
   654 | D        | Killed a torpor snail
   654 | D        | Reached skill level 16 in Axes
   665 | D        | Reached skill level 15 in Fighting
   800 | D        | Noticed a spiny frog
   800 | D        | Noticed a black mamba
   802 | D        | Reached skill level 10 in Dodging
   805 | D        | Killed a black mamba
   805 | D        | Reached ****** piety under Trog
   806 | D        | Noticed an eight-headed hydra
   807 | D        | Received a gift from Trog
   812 | D        | Killed a spiny frog
   812 | D        | Reached skill level 17 in Axes
   812 | D        | Reached XP level 10. HP: 107/107 MP: 9/9
   815 | D        | HP: 4/107 [11-headed hydra (5)]
   815 | D        | Slain by an 11-headed hydra

Skill      XL: |  1  2  3  4  5  6  7  8  9 |
---------------+----------------------------+-----
Fighting       | 7 8 10 11 13 14 15 | 15.7
Axes           | 7 9 10 11 14 15 17 | 17.1
Armour         | 4 5 6 7 8 9 |  9.1
Dodging        | 3 4 5 6 8 9 10 | 10.6
Stealth        | |  0.8

Action                   |  1- 3 |  4- 6 |  7- 9 | 10-12 || total
-------------------------+-------+-------+-------+-------++-------
Melee: Hand axe          |     5 |     7 |       |       ||    12
       Headbutt          |     1 |     3 |    11 |     2 ||    17
       War axe           |       |    10 |    37 |       ||    47
       Battleaxe         |       |       |     9 |     3 ||    12
Invok: Berserk           |     1 |     1 |     3 |       ||     5
  Eat: Chunk             |       |       |     3 |       ||     3
Armor: Animal skin       |       |       |     4 |     1 ||     5
Dodge: Dodged            |     4 |     9 |    36 |     7 ||    56
